 Dungeon Crawl Stone Soup version 0.21-a0-509-gecc5317 (webtiles) character file.

178 slep the Skirmisher (level 5, -1/43 HPs)
             Began as a Barachi Fighter on Nov 30, 2017.
             Killed from afar by an orc wizard (4 damage)
             ... with a magic dart
             ... on level 3 of the Dungeon.
             The game lasted 00:08:46 (1941 turns).

slep the Skirmisher (Barachi Fighter)               Turns: 1941, Time: 00:08:50

Health: -1/43      AC: 11    Str: 21    XL:     5   Next: 58%
Magic:  5/5        EV:  6    Int:  9    God:
Gold:   91         SH:  9    Dex: 11    Spells: 4/4 levels left

rFire    . . .     SeeInvis .   a - +0 long sword
rCold    . . .     Gourm    .   c - +0 shield
rNeg     + . .     Faith    .   v - +2 chain mail {rN+}
rPois    .         Spirit   .   (no helmet)
rElec    .         Reflect  .   (no cloak)
rCorr    .         Harm     .   (no gloves)
MR       .....                  (no boots)
Stlth    ..........             (no amulet)
HPRegen  0.14/turn              g - ring of loudness (curse)
MPRegen  0.09/turn              o - +3 ring of strength

@: slow
A: +LOS, swims, slowness 1, strong legs 1
a: Hop


You were on level 3 of the Dungeon.
You were not hungry.

You visited 1 branch of the dungeon, and saw 4 of its levels.

You collected 91 gold pieces.

Inventory:

Hand Weapons
 a - a +0 long sword (weapon)
 n - a +0 short sword of electrocution
 w - a +2 flail of protection
Armour
 b - a +0 scale mail
 c - a +0 shield (worn)
 v - a +2 chain mail of positive energy (worn)
Jewellery
 g - a cursed ring of loudness (left hand)
 o - a +3 ring of strength (right hand)
 r - an uncursed ring of ice
Wands
 q - a wand of flame (23)
Scrolls
 e - 5 scrolls of identify {unknown}
 i - a scroll of enchant armour {unknown}
 j - a scroll of fog {unknown}
 k - 2 scrolls of immolation {unknown}
Potions
 d - 3 potions of might
 m - a potion of ambrosia {unknown}
 p - 2 potions of curing {unknown}
 t - a potion of brilliance {unknown}
 u - a potion of haste {unknown}
Comestibles
 f - 5 bread rations
 h - 3 royal jellies
 l - 3 meat rations


   Skills:
 + Level 4.5 Fighting
 + Level 4.3 Long Blades
 + Level 4.4 Armour
 + Level 1.1 Dodging
 + Level 0.1 Stealth
 + Level 4.2 Shields


You had 4 spell levels left.
You didn't know any spells.

Dungeon Overview and Level Annotations

Branches:
Dungeon (4/15)
 Temple: D:4-7

Altars:
Nemelex Xobeh
Yredelemnul


Innate Abilities, Weirdness & Mutations

Shadows flee at your approach. (+LOS)
You can swim through water.
You cover ground slowly.
You can hop short distances.


Message History

The orc wizard hits you but does no damage. x2
Unknown command.
You barely miss the orc wizard.
The orc wizard is heavily wounded.
The orc wizard casts a spell.
The orc wizard blinks!
The orc wizard casts a spell.
The orc wizard seems to speed up.
You hit the orc wizard but do no damage.
The orc wizard is heavily wounded.
The orc wizard hits you but does no damage.
You block the orc wizard's attack.
You closely miss the orc wizard.
The orc wizard is heavily wounded.
You block the orc wizard's attack.
The orc wizard mumbles some strange words.
The orc wizard blinks!
The orc wizard casts a spell at you. The magic dart hits you!
You die...

.##.#..# #.# #..# #.#
.##.#..#####.####..#########.#
....#.................).)....#
...#..............############
.#.#..######.###...## ......#
#........# .#.##.# #####...##
...##.###########o###############
.####.........<§@§))[..o.........
## #############################


You could see 2 orc wizards.

Vanquished Creatures
  An orc priest (D:3)
  Terence (D:3)
  5 adders
  2 oozes
  A worm (D:2)
  2 dart slugs (D:1)
  7 orcs (D:3)
  A giant cockroach (D:1)
  2 goblins
  2 hobgoblins
  11 jackals
  6 kobolds
  2 quokkas (D:3)
  2 ball pythons
  4 bats
  A frilled lizard (D:3)
  8 rats
58 creatures vanquished.

Vanquished Creatures (others)
  4 toadstools (D:1)
4 creatures vanquished.

Grand Total: 62 creatures vanquished

Notes
Turn   | Place    | Note
-------+----------+-------------------------------------------
     0 | D:1      | slep the Barachi Fighter began the quest for the Orb.
     0 | D:1      | Reached XP level 1. HP: 18/18 MP: 1/1
    16 | D:1      | Reached XP level 2. HP: 9/25 MP: 2/2
   273 | D:1      | Reached XP level 3. HP: 25/30 MP: 3/3
   414 | D:1      | Found a sparkling altar of Nemelex Xobeh.
   629 | D:2      | Found a faded altar of an unknown god.
   739 | D:2      | Reached skill level 1 in Dodging
   906 | D:2      | Reached XP level 4. HP: 37/37 MP: 4/4
  1631 | D:3      | Reached XP level 5. HP: 14/43 MP: 5/5
  1644 | D:3      | Noticed Terence
  1668 | D:3      | Killed Terence
  1922 | D:4      | Found a basalt altar of Yredelemnul.
  1933 | D:3      | HP: 2/43 [orc wizard/magic dart (2)]
  1941 | D:3      | Killed from afar by an orc wizard

Vault maps used:
D:1:      ldierk_walled_garden_2, nemelex_altar_shiori
D:2:      first_bread, chequers_ecumenical_altar_island, minmay_misc_feat_alley
D:3:      cheibrodos_old_hovel, nicolae_overflow_hidden_temple,
          small_statue_alley_b, uniq_terence
D:4:      lemuel_round_altar, yredelemnul_altar_generic, uniq_robin

Skill      XL: |  1  2  3  4  5 |
---------------+----------------+-----
Armour         | 4 |  4.4
Fighting       | 4 |  4.5
Long Blades    | 3 4 |  4.3
Dodging        | 1 |  1.1
Shields        | 4 |  4.2
Stealth        | |  0.1

Action                   |  1- 3 |  4- 6 || total
-------------------------+-------+-------++-------
Melee: Long sword        |    78 |   107 ||   185
Evoke: Wand              |       |    10 ||    10
  Eat: Chunk             |       |     5 ||     5
Armor: Scale mail        |    45 |    42 ||    87
       Chain mail        |       |    12 ||    12
Dodge: Dodged            |    37 |    27 ||    64
Block: Shield            |    47 |    48 ||    95
       Rpst.: Long sword |    16 |    11 ||    27

Table legend:
 A = Spawn XP
 B = Non-spawn XP
 C = Spawn XP percentage of total XP
 D = Spawn monster count
 E = Non-spawn monster count
 F = Spawn count percentage of total count
 G = Total turns spent on level
                    A         B        C        D         E        F      G
               +---------+---------+-------+---------+---------+-------+---------
         Total |       0 |     255 |   0.0 |       0 |      58 |   0.0 |  1941
               +---------+---------+-------+---------+---------+-------+---------
           D:1 |       0 |      42 |   0.0 |       0 |      18 |   0.0 |   613
           D:2 |       0 |      68 |   0.0 |       0 |      16 |   0.0 |   595
           D:3 |       0 |     145 |   0.0 |       0 |      24 |   0.0 |   725
               +---------+---------+-------+---------+---------+-------+---------
